 Dungeon Crawl Stone Soup version 0.26.0-10-g1f06aea511 (webtiles) character file.

Game seed: 3228817545524620274

98 gruber the Sneak (level 4, -1/21 HPs)
             Began as a Spriggan Enchanter on Jan 14, 2021.
             Slain by a bullfrog (4 damage)
             ... on level 6 of the Dungeon.
             The game lasted 00:05:09 (2207 turns).

gruber the Sneak (Spriggan Enchanter)               Turns: 2207, Time: 00:05:09

Health: -1/21      AC:  2    Str:  4    XL:     4   Next: 43%
Magic:  1/9        EV: 18    Int: 17    God:
Gold:   194        SH:  0    Dex: 16    Spells: 5/8 levels left

rFire    . . .     SeeInvis +   a - +1 dagger
rCold    . . .     Faith    .   (shield restricted)
rNeg     . . .     Spirit   .   b - +0 robe
rPois    .         Reflect  .   (helmet restricted)
rElec    .         Harm     .   (no cloak)
rCorr    +         Rampage  .   (gloves unavailable)
Will     .....                  (boots unavailable)
Stlth    +++.......             (no amulet)
HPRegen  0.07/turn              k - ring of resist corrosion
MPRegen  0.11/turn              (no ring)

@: very quick
A: very small, unfitting armour, see invisible, speed 3
a: no special abilities


You were on level 6 of the Dungeon.
You visited 1 branch of the dungeon, and saw 5 of its levels.

You collected 194 gold pieces.

Inventory:

Hand Weapons
 a - a +1 dagger (weapon)
 c - a +0 short sword
Missiles
 n - 13 poisoned darts
Armour
 b - a +0 robe (worn)
Jewellery
 k - a ring of resist corrosion (left hand)
Scrolls
 d - 2 scrolls of remove curse {unknown}
 e - a scroll of immolation {unknown}
 g - 7 scrolls of identify {unknown}
 h - 2 scrolls of teleportation {unknown}
 i - a scroll of enchant armour {unknown}
 l - 3 scrolls of fog {unknown}
Potions
 f - a potion of curing {unknown}
 j - 2 potions of degeneration {unknown}
 m - a potion of invisibility {unknown}


   Skills:
 - Level 1.1 Short Blades
 - Level 3.0 Dodging
 * Level 6.4 Stealth
 - Level 2.6 Spellcasting
 - Level 5.3 Hexes


You had 5 spell levels left.
You knew the following spells:

 Your Spells              Type           Power        Failure   Level
a - Corona                Hex            22%          1%          1
b - Ensorcelled Hibernat  Hex/Ice        22%          10%         2

Your spell library contained the following spells:

 Spells                   Type           Power        Failure   Level
 Confusing Touch          Hex            20%          6%          3
 Tukima's Dance           Hex            20%          6%          3
 Dazzling Flash           Conj/Hex       22%          19%         3


Dungeon Overview and Level Annotations

Branches:
Dungeon (4/15)
 Temple: D:4-7

Altars:
Elyvilon
The Shining One


Innate Abilities, Weirdness & Mutations

You are very small and have problems with some larger weapons.
You are too small for most types of armour.
You have supernaturally acute eyesight. (SInv)
You cover ground extremely quickly.


Message History

Confirm with . or Enter, or press ? or * to list all spells.
Aiming: Ensorcelled Hibernation (safe; 10% risk of failure)
Press: ? - help, Shift-Dir - straight line, f/p - bullfrog
Aim: a bullfrog (moderately wounded, chance to affect: 42%)
The bullfrog resists with some effort.
The bullfrog misses you.
Unknown command.
Unknown command.
A centaur skeleton comes into view.
Found a stone staircase leading down.
You hit the centaur skeleton.
The centaur skeleton is lightly damaged.
The centaur skeleton barely misses you.
You hit the centaur skeleton.
The centaur skeleton is lightly damaged.
The centaur skeleton misses you. The bullfrog misses you.
The centaur skeleton barely misses you.
You hit the centaur skeleton.
The centaur skeleton is moderately damaged.
The bullfrog hits you.
You die...

#######.# #.# #.#
#.# #.#
#.#########
#.........#
#########F######..
#.@Z...>..
########..


You could see a bullfrog and a centaur skeleton.

Vanquished Creatures
  A hound (D:4)
  2 adders (D:2)
  3 dart slugs (D:1)
  A leopard gecko (D:2)
  3 orcs
  A ball python (D:4)
  3 giant cockroaches
  4 goblins
  4 hobgoblins
  2 kobolds (D:1)
  3 quokkas (D:4)
  4 bats
  4 frilled lizards
  6 rats
41 creatures vanquished.

Vanquished Creatures (others)
  5 toadstools (D:1)
5 creatures vanquished.

Grand Total: 46 creatures vanquished

Notes
Turn   | Place    | Note
-------+----------+-------------------------------------------
     0 | D:1      | gruber the Spriggan Enchanter began the quest for the Orb.
     0 | D:1      | Reached XP level 1. HP: 9/9 MP: 5/5
    98 | D:1      | Reached skill level 5 in Stealth
   188 | D:1      | Found a glowing golden altar of the Shining One.
   223 | D:1      | Reached XP level 2. HP: 10/13 MP: 4/6
   512 | D:1      | Reached skill level 6 in Stealth
   777 | D:1      | Learned a level 2 spell: Ensorcelled Hibernation
   925 | D:2      | Reached XP level 3. HP: 16/16 MP: 8/8
  1365 | D:2      | Found a white marble altar of Elyvilon.
  1411 | D:2      | You fall into a shaft and drop 1 floor!
  1679 | D:4      | Reached skill level 5 in Hexes
  1679 | D:4      | Reached XP level 4. HP: 21/21 MP: 9/9
  1982 | D:4      | You fall into a shaft and drop 2 floors!
  1992 | D:6      | Noticed a bullfrog
  2038 | D:6      | Noticed a bullfrog
  2207 | D:6      | Slain by a bullfrog

Illustrated notes

Levels and vault maps discovered:
D:1:      evilmike_arrival_plus, layout_loops_ring, minmay_gold_behind_fungi,
          tso_metal_star
D:2:      layout_basic, elyvilon_altar_1, uniq_crazy_yiuf_cottage, uniq_sigmund
D:3:      layout_basic, lemuel_coloured_pillars_altar, lemuel_blue_sif_altar,
          nicolae_qazlal_style_of_elements
D:4:      layout_basic, serial_shops, kennysheep_little_box,
          minmay_misc_feat_ornament, bloody_trog
D:6:      layout_loops_ring, portal_sewer_entry_a, st_stairs_12

Skill      XL: |  1  2  3 |
---------------+----------+-----
Stealth        | 5 6 |  6.4
Hexes          | 4 5 |  5.3
Short Blades   | |  1.1
Dodging        | |  3.0
Spellcasting   | |  2.6

Action                   |  1- 3 |  4- 6 || total
-------------------------+-------+-------++-------
Melee: Dagger            |    65 |    27 ||    92
Throw: Dart              |       |     4 ||     4
 Cast: Corona            |     6 |     3 ||     9
       Ensorcelled Hiber |     9 |    13 ||    22
 Stab: Sleeping          |    27 |     5 ||    32
Armor: Robe              |     2 |     4 ||     6
Dodge: Dodged            |    34 |    52 ||    86
